 Dungeon Crawl Stone Soup version 0.23.1 (webtiles) character file.

Game seed: 14061264615890473836

121 Monsterracer the Insei (level 5, 0/39 HPs)
             Began as a Merfolk Transmuter on Mar 2, 2019.
             Succumbed to an adder's poison
             ... on level 1 of the Dungeon.
             The game lasted 00:01:10 (1306 turns).

Monsterracer the Insei (Merfolk Transmuter)         Turns: 1306, Time: 00:01:10

Health: 0/39       AC:  6    Str: 12    XL:     5   Next: 5%
Magic:  8/9        EV: 12    Int: 12    God:
Gold:   35         SH:  0    Dex: 14    Spells: 8/9 levels left

rFire    . . .     SeeInvis .     - Unarmed
rCold    . . .     Gourm    .   (no shield)
rNeg     . . .     Faith    .   f - +0 ring mail
rPois    .         Spirit   .   (no helmet)
rElec    .         Reflect  .   g - +0 cloak
rCorr    .         Harm     .   (no gloves)
MR       +....                  (no boots)
Stlth    +.........             (no amulet)
HPRegen  0.13/turn              M - ring of protection from magic
MPRegen  0.11/turn              (no ring)

@: lethally poisoned (0 -> -4)
A: change form in water, swift swim, stealthy swim
a: no special abilities


You were on level 1 of the Dungeon.
You were not hungry.

You visited 1 branch of the dungeon, and saw 2 of its levels.

You collected 35 gold pieces.


   Skills:
 + Level 2.4 Fighting
 + Level 3.8 Dodging
 + Level 4.0 Unarmed Combat
 + Level 2.7 Spellcasting
 + Level 3.8 Transmutations


You had 8 spell levels left.
You knew the following spells:

 Your Spells              Type           Power        Failure   Level  Hunger
j - Beastly Appendage     Tmut           ##....       12%         1    #......

Your spell library contained the following spells:

 Spells                   Type           Power        Failure   Level  Hunger
 Sticks to Snakes         Tmut           ##......     19%         2    ###....
 Spider Form              Tmut/Pois      #.........   63%         3    ###....
 Ice Form                 Ice/Tmut       #.......     95%         4    #####..
 Blade Hands              Tmut           ##........   98%         5    ######.

Inventory:

Armour
 f - a +0 ring mail (worn)
   (You found it on level 1 of the Dungeon)
 g - a +0 cloak (worn)
   (You found it on level 1 of the Dungeon)
Jewellery
 M - a ring of protection from magic (left hand)
   (You found it on level 1 of the Dungeon)
Scrolls
 a - a scroll of enchant weapon {unknown}
 b - a scroll of identify {unknown}
 d - a scroll of teleportation {unknown}
Comestibles
 c - 4 rations

Dungeon Overview and Level Annotations

Branches:
Dungeon (2/15)

Altars:

######.###...###########
.........#'#.##
.........#†#..#
.#..#.°#.#'##.#
......≈..+.(..#
.......8.####.#
.....°°°.+....#
.#..#.°#.#+##.######
.........#.#..(.@†>#
.....)...#'#[#####.#
######.###...# #.#
.......##..### #.#
##.##.....## #.#
##.#####..# #.#
.......#..# #.#
.#.###.#..########.#
.#.....#..#........#


There were no monsters in sight!


Message History

The centaur shouts!
The centaur wields a +0 shortbow.
The centaur shoots an arrow.
The arrow hits you.
You see here an arrow.
You take 1 damage, and have 21/27 hp.
A centaur is nearby!
A centaur is nearby!
An adder comes into view.
The adder hisses angrily.
Found a stone staircase leading down.
A hobgoblin comes into view. It is wielding a +0 club.
The hobgoblin shouts!
The centaur unwields a +0 shortbow.
The centaur barely misses you. The centaur misses you.
You hit the centaur but do no damage. The centaur hits you!
You take 7 damage, and have 14/27 hp.
MASSIVE DAMAGE!!
It was a potion of curing.
You feel better.
e - a potion of curing;
a - a scroll labeled NEAPEN MOPUB The centaur barely misses you.
The centaur hits you.
You regained 3 hp, and now have 17/27 hp.
Sorry, you're not good enough to have a special ability.
You hit the centaur.
The centaur is moderately wounded.
The adder bites you but does no damage. The centaur closely misses you.
You hit the centaur.
The centaur is heavily wounded.
The centaur hits you but does no damage.
The adder bites you but does no damage. The centaur barely misses you.
The adder closely misses you.
You hit the centaur.
The centaur is severely wounded.
The centaur hits you. The adder bites you but does no damage.
You take 3 damage, and have 14/27 hp.
You punch the centaur!
The centaur is almost dead.
The centaur hits you.
* * * LOW HITPOINT WARNING * * *
The adder bites you.
* * * LOW HITPOINT WARNING * * *
The hobgoblin closely misses you.
You take 7 damage, and have 7/27 hp.
MASSIVE DAMAGE!!
You hit the centaur.
You kill the centaur!
Your Fighting skill increases to level 2!
You have reached level 4!
The adder bites you but does no damage. The hobgoblin closely misses you.
You regained 2 hp, and now have 9/34 hp.
The adder bites you.
* * * LOW HITPOINT WARNING * * *
The adder closely misses you.
You take 4 damage, and have 5/34 hp.
The adder bites you.
* * * LOW HITPOINT WARNING * * *
You take 1 damage, and have 4/34 hp.
The adder misses you.
There is a stone staircase leading up here.
The adder bites you but does no damage.
You climb upwards.
There is a stone staircase leading down here.
Okay, then.
You hit the adder but do no damage. The adder bites you but does no damage.
You closely miss the adder. The adder closely misses you.
The adder barely misses you.
Your ring mail prevents you from hitting the adder.
The adder bites you but does no damage.
You barely miss the adder. The adder closely misses you.
You hit the adder.
The adder is lightly wounded.
The adder bites you.
* * * LOW HITPOINT WARNING * * *
You take 2 damage, and have 3/34 hp.
You miss the adder.
The adder is lightly wounded.
The adder bites you.
* * * LOW HITPOINT WARNING * * *
You take 1 damage, and have 2/34 hp.
You feel better. The adder bites you.
* * * LOW HITPOINT WARNING * * *
You are lethally poisoned!
The adder poisons you!
You hit the adder but do no damage.
The adder is lightly wounded.
* * * LOW HITPOINT WARNING * * *
You feel sick. The adder bites you but does no damage. The adder bites you.
* * * LOW HITPOINT WARNING * * *
You take 2 damage, and have 1/34 hp.
Unknown command.
You hit the adder.
The adder is severely wounded.
The adder barely misses you.
You hit the adder.
You kill the adder!
Your Unarmed Combat skill increases to level 4!
You have reached level 5!
You feel stronger.
* * * LOW HITPOINT WARNING * * *
You feel sick.
You aren't carrying any potions.
You see here an adder corpse.
You die...

Skill      XL: |  1  2  3  4 |
---------------+-------------+-----
Dodging        | 3 |  3.8
Transmutations | 3 |  3.8
Fighting       | 2 |  2.4
Unarmed Combat | 4 |  4.0
Spellcasting   | |  2.7

Action                   |  1- 3 |  4- 6 || total
-------------------------+-------+-------++-------
Melee: Unarmed           |    77 |     9 ||    86
  Use: Potion            |     1 |     1 ||     2
  Eat: Chunk             |     1 |       ||     1
Armor: Ring mail         |    27 |     5 ||    32
Dodge: Dodged            |    47 |     7 ||    54

Levels and vault maps discovered:
D:1:      shiori_arrival_oz, layout_basic
D:2:      layout_loops_ring, first_ration, minmay_octomino_e4

Notes
Turn   | Place    | Note
-------+----------+-------------------------------------------
     0 | D:1      | Monsterracer the Merfolk Transmuter began the quest for the
                  | Orb.
     0 | D:1      | Reached XP level 1. HP: 15/15 MP: 3/3
   575 | D:1      | Reached XP level 2. HP: 21/21 MP: 5/5
  1128 | D:2      | Reached XP level 3. HP: 21/26 MP: 6/6
  1276 | D:2      | Noticed a centaur
  1286 | D:2      | HP: 9/27 [centaur (5)]
  1287 | D:2      | Killed a centaur
  1287 | D:2      | Reached XP level 4. HP: 8/34 MP: 6/8
  1289 | D:2      | HP: 4/34 [adder (1)]
  1299 | D:1      | HP: 3/34 [adder (2)]
  1302 | D:1      | HP: 1/34 [adder (1)]
  1304 | D:1      | Reached skill level 4 in Unarmed Combat
  1304 | D:1      | Reached XP level 5. HP: 2/39 MP: 7/9
  1306 | D:1      | Succumbed to an adder's poison

Vanquished Creatures
  A centaur (D:2)
  2 adders (D:2 D:1)
  2 dart slugs (D:1 D:2)
  A leopard gecko (D:2)
  A giant cockroach (D:1)
  2 goblins (D:1)
  3 hobgoblins (D:1 D:2)
  A ball python (D:1)
  A bat (D:1)
  3 frilled lizards (D:1 D:2)
  3 kobolds (D:1)
  2 rats (D:1)
22 creatures vanquished.

Table legend:
 A = Turns spent in this place as a percentage of turns spent in the entire game.
 B = Non-inter-level travel turns spent in this place as a percentage of non-inter-level travel turns spent in the entire game.
 C = Inter-level travel turns spent in this place as a percentage of turns spent in this place.
 D = Turns resting spent in this place as a percentage of non-inter-level travel turns spent in this place.
 E = Turns spent auto-exploring this place as a percentage of non-inter-level travel turns spent in this place.
 F = Non-inter-level travel turns spent in this place divided by the number of levels of this place that you've seen.
                   A       B       C       D       E      F
               +-------+-------+-------+-------+-------+----------------------
         Total | 100.0 | 100.0 |   8.7 |   0.0 |  84.2 | 596.5
       Dungeon | 100.0 | 100.0 |   8.7 |   0.0 |  84.2 | 596.5
               +-------+-------+-------+-------+-------+----------------------

Table legend:
 A = Non-vault XP
 B = Vault XP
 C = Vault XP percentage of total XP
 D = Non-vault monster count
 E = Vault monster count
 F = Vault count percentage of total count
                 A         B        C        D         E       F
            +---------+---------+-------+---------+---------+-------
      Total |     173 |       1 |   0.6 |      21 |       1 |   4.5
            +---------+---------+-------+---------+---------+-------
        D:1 |      33 |       1 |   2.9 |      14 |       1 |   6.7
        D:2 |     140 |       0 |   0.0 |       7 |       0 |   0.0
            +---------+---------+-------+---------+---------+-------
